Map: Opérations galactiques EC

Players

Iluvpandas

  • Race: Zerg Zerg
  • League: Gold
  • Spawn Location: 1:00

zidar - Winner!

  • Race: Zerg Zerg
  • League: Platinum
  • Spawn Location: 7:00

VOD

Have the link to the VOD?

Description

Time

  • Played on: Nov. 7, 2016, 1:18 p.m.
  • Length: 4:17
Show
View Real Time Build Order
Export as new Build Order

Iluvpandas Zerg 

Build Orders: Hatch First 

Get SALT Encoding   

  12  0:01  Drone  
  13  0:12  Overlord  
  13  0:17  Drone  
  14  0:31  Drone x2  
  14  0:35  Drone  
  17  0:53  Hatchery  
  16  0:57  Drone  
  16  1:02  Drone  
  18  1:05  Extractor  
  17  1:18  Spawning Pool  
  16  1:23  Drone  
  17  1:26  Drone  
  17  1:28  Drone  
  19  1:39  Overlord  
  19  1:49  Drone  
  20  2:01  Drone  
  20  2:07  Drone  
  22  2:13  Metabolic Boost  
  22  2:14  Queen  
  24  2:16  Queen  
  24  2:21  Drone x2  
  28  2:26  Drone  
  28  2:27  Drone  
  30  2:33  Drone  
  31  2:48  Drone x2  
  31  2:50  Hatchery  
  31  2:51  Drone  
  33  3:05  Zergling x6  
  36  3:16  Baneling Nest  
  35  3:21  Zergling x2  
  35  3:22  Zergling x2  
  34  3:27  Zergling x4  
  34  3:32  Zergling x2  
  34  3:33  Zergling x6  
  35  3:34  Zergling x4  
  15  3:41  Zergling x2  
Show
View Real Time Build Order
Export as new Build Order

zidar Zerg - Winner!

Build Orders: 1 Base Baneling Bust, Pool First 

Get SALT Encoding   

  12  0:01  Drone  
  13  0:11  Drone  
  14  0:17  Extractor, Drone  
  14  0:36  Spawning Pool  
  14  0:42  Drone  
  14  0:47  Overlord  
  14  0:58  Overlord  
  14  1:23  Queen, Metabolic Boost  
  16  1:27  Zergling x2  
  16  1:30  Zergling x2  
  18  1:35  Zergling x2  
  19  1:40  Zergling x2  
  20  1:50  Zergling x2  
  21  2:00  Zergling x2  
  22  2:11  Baneling Nest  
  21  2:19  Zergling x2  
  22  2:26  Zergling x2  
  23  2:33  Zergling x4  
  23  2:34  Zergling x2  
  26  2:48  Zergling x2  
  27  3:04  Zergling x2  
  28  3:07  Zergling x2  
  28  3:08  Zergling x2  
  28  3:11  Overlord x2  
  30  3:15  Baneling x4  
  22  3:44  Zergling x4  
  22  3:45  Zergling x2  
  22  3:59  Baneling x2  
  20  4:11  Hatchery  
Tags
 
Add a new tag
Caveats
  • Supply blocks, unpowered buildings, or Contaminate may cause inaccurate times.
  • Supply counts are checked every 10 seconds.